TOP OF THE 1ST |
St. Louis Cardinals batting - Pitching for Chicago Cubs : RHP Edwin Rivera
|
Pitching: RHP Edwin Rivera
|
|
Batting: RHB Tenshou Takita
|
0-0: Ball 1-0: Ball 2-0: Ball 3-0: Called Strike 3-1: Base on Balls
|
Batting: LHB Tom Butterbaugh
|
0-0: Called Strike 0-1: Grounds into double play, 6-4-3 (Groundball, 6, EV 94.4 MPH)
|
Batting: RHB Eric Chotkowski
|
0-0: Ground out 5-3 (Groundball, 56S, EV 63.8 MPH)
|
Top of the 1st over - 0 runs, 0 hits, 0 errors, 0 left on base; St. Louis 0 - Chicago 0 |
BOTTOM OF THE 1ST |
Chicago Cubs batting - Pitching for St. Louis Cardinals : LHP Nate Crow
|
Pitching: LHP Nate Crow
|
|
Batting: RHB Yasuhide Kasahara
|
0-0: Ball 1-0: Swinging Strike 1-1: Foul Ball, location: 2F 1-2: Foul Ball, location: 2F 1-2: DOUBLE (Line Drive, 9LM, EV 105.6 MPH)
|
Batting: RHB Kaeo Zirpoli
|
0-0: Swinging Strike 0-1: Ball 1-1: Foul Ball, location: 2F 1-2: SINGLE (Line Drive, 6D, EV 96.2 MPH) Yasuhide Kasahara to third
|
Batting: RHB Efrain Vargas
|
0-0: Ball 1-0: Ball 2-0: Ball 3-0: Called Strike 3-1: Swinging Strike 3-2: Foul Ball, location: 2F 3-2: Foul Ball, location: 2F 3-2: Grounds into double play, 6-4-3 (Groundball, 6, EV 101.2 MPH) Yasuhide Kasahara scores
|
Batting: RHB Josh Kalman
|
0-0: Foul Ball, location: 2F 0-1: Ball 1-1: Ball 2-1: SINGLE (Line Drive, 4D, EV 95.0 MPH)
|
Batting: RHB Elijah Campbell
|
0-0: Called Strike 0-1: Foul Ball, location: 2F 0-2: Foul Ball, location: 2F 0-2: Ball 1-2: DOUBLE (Line Drive, 7LD, EV 109.4 MPH) Josh Kalman to third Josh Kalman scores
|
Batting: RHB Will Leslie
|
0-0: Called Strike 0-1: Swinging Strike 0-2: Ground out 5-3 (Groundball, 56S, EV 91.2 MPH)
|
Bottom of the 1st over - 2 runs, 4 hits, 0 errors, 1 left on base; St. Louis 0 - Chicago 2 |
TOP OF THE 2ND |
St. Louis Cardinals batting - Pitching for Chicago Cubs : RHP Edwin Rivera
|
Batting: LHB Shawn Morrison
|
0-0: Ball 1-0: Called Strike 1-1: Ball 2-1: Ball 3-1: Foul Ball, location: 2F 3-2: Strikes out swinging
|
Batting: RHB Pavpv Ivanushkin
|
0-0: Ball 1-0: Called Strike 1-1: Ball 2-1: Foul Ball, location: 2F 2-2: Foul Ball, location: 2F 2-2: Ball 3-2: Foul Ball, location: 2F 3-2: TRIPLE (Line Drive, 89XD, EV 98.1 MPH)
|
Batting: RHB Melvin Enriquez
|
0-0: Ball 1-0: Fly out, F9 (Line Drive, 9S, EV 96.9 MPH)
|
Batting: RHB Fabrice Bertin
|
0-0: Called Strike 0-1: Foul Ball, location: 2F 0-2: Ball 1-2: Foul Ball, location: 2F 1-2: Fly out, F7 (Flyball, 78M, EV 78.8 MPH)
|
Top of the 2nd over - 0 runs, 1 hit, 0 errors, 1 left on base; St. Louis 0 - Chicago 2 |
BOTTOM OF THE 2ND |
Chicago Cubs batting - Pitching for St. Louis Cardinals : LHP Nate Crow
|
Batting: SHB Seung-ho Zhang
|
0-0: Ball 1-0: Foul Ball, location: 2F 1-1: Ball 2-1: Fly out, F9 (Flyball, 89M, EV 84.4 MPH)
|
Batting: SHB Tim Hone
|
0-0: Ball 1-0: Ball 2-0: Fly out, F6 (Popup, 6M, EV 63.8 MPH)
|
Batting: RHB Steve Bui
|
0-0: Ball 1-0: Called Strike 1-1: Ground out 5-3 (Groundball, 5S, EV 85.0 MPH)
|
Bottom of the 2nd over - 0 runs, 0 hits, 0 errors, 0 left on base; St. Louis 0 - Chicago 2 |
TOP OF THE 3RD |
St. Louis Cardinals batting - Pitching for Chicago Cubs : RHP Edwin Rivera
|
Batting: RHB Terry Baginski
|
0-0: Ground out 6-3 (Groundball, 6M, EV 105.0 MPH)
|
Batting: RHB Travis Leonard
|
0-0: Ball 1-0: SINGLE (Line Drive, 8LS, EV 105.6 MPH)
|
Batting: RHB Tenshou Takita
|
0-0: Called Strike 0-1: Ball 1-1: Fly out, F7 (Flyball, 7LS, EV 88.8 MPH)
|
Batting: LHB Tom Butterbaugh
|
0-0: Called Strike 0-1: Foul Ball, location: 2F 0-2: Strikes out swinging
|
Top of the 3rd over - 0 runs, 1 hit, 0 errors, 1 left on base; St. Louis 0 - Chicago 2 |
BOTTOM OF THE 3RD |
Chicago Cubs batting - Pitching for St. Louis Cardinals : LHP Nate Crow
|
Batting: RHB Yasuhide Kasahara
|
0-0: Called Strike 0-1: Ball 1-1: Swinging Strike 1-2: Strikes out swinging
|
Batting: RHB Kaeo Zirpoli
|
0-0: Foul Ball, location: 2F 0-1: Swinging Strike 0-2: Ball 1-2: Ball 2-2: Fly out, F7 (Flyball, 7LS, EV 95.0 MPH)
|
Batting: RHB Efrain Vargas
|
0-0: Foul Ball, location: 2F 0-1: Ball 1-1: Ball 2-1: Foul Ball, location: 2F 2-2: SINGLE (Line Drive, 34D, EV 99.4 MPH)
|
Batting: RHB Josh Kalman
|
0-0: Ball 1-0: Foul Ball, location: 2F 1-1: Ball 2-1: Swinging Strike 2-2: Foul Ball, location: 2F 2-2: Ball 3-2: Ground out 6-3 (Groundball, 6, EV 83.1 MPH)
|
Bottom of the 3rd over - 0 runs, 1 hit, 0 errors, 1 left on base; St. Louis 0 - Chicago 2 |
TOP OF THE 4TH |
St. Louis Cardinals batting - Pitching for Chicago Cubs : RHP Edwin Rivera
|
Batting: RHB Eric Chotkowski
|
0-0: Ball 1-0: Ball 2-0: Called Strike 2-1: Swinging Strike 2-2: Strikes out looking
|
Batting: LHB Shawn Morrison
|
0-0: Called Strike 0-1: DOUBLE (Flyball, 89XD, EV 107.5 MPH)
|
Batting: RHB Pavpv Ivanushkin
|
0-0: Fly out, F9 (Flyball, 9, EV 91.9 MPH)
|
Batting: RHB Melvin Enriquez
|
0-0: Foul Ball, location: 2F 0-1: Swinging Strike 0-2: Fly out, F8 (Flyball, 78M, EV 93.1 MPH)
|
Top of the 4th over - 0 runs, 1 hit, 0 errors, 1 left on base; St. Louis 0 - Chicago 2 |
BOTTOM OF THE 4TH |
Chicago Cubs batting - Pitching for St. Louis Cardinals : LHP Nate Crow
|
Batting: RHB Elijah Campbell
|
0-0: Fly out, F9 (Line Drive, 9S, EV 93.8 MPH)
|
Batting: RHB Will Leslie
|
0-0: Called Strike 0-1: Foul Ball, location: 2F 0-2: Foul Ball, location: 2F 0-2: Ball 1-2: Strikes out swinging
|
Batting: SHB Seung-ho Zhang
|
0-0: Foul Ball, location: 2F 0-1: Swinging Strike 0-2: Ball 1-2: Ball 2-2: Strikes out swinging
|
Bottom of the 4th over - 0 runs, 0 hits, 0 errors, 0 left on base; St. Louis 0 - Chicago 2 |
TOP OF THE 5TH |
St. Louis Cardinals batting - Pitching for Chicago Cubs : RHP Edwin Rivera
|
Batting: RHB Fabrice Bertin
|
0-0: Called Strike 0-1: Ball 1-1: Swinging Strike 1-2: Fly out, F7 (Flyball, 78M, EV 93.8 MPH)
|
Batting: RHB Terry Baginski
|
0-0: Called Strike 0-1: Ball 1-1: Foul Ball, location: 2F 1-2: Foul Ball, location: 2F 1-2: Strikes out looking
|
Batting: RHB Travis Leonard
|
0-0: Called Strike 0-1: Ground out 6-3 (Groundball, 6, EV 85.6 MPH)
|
Top of the 5th over - 0 runs, 0 hits, 0 errors, 0 left on base; St. Louis 0 - Chicago 2 |
BOTTOM OF THE 5TH |
Chicago Cubs batting - Pitching for St. Louis Cardinals : LHP Nate Crow
|
Batting: SHB Tim Hone
|
0-0: Ground out 5-3 (Groundball, 56S, EV 87.5 MPH)
|
Batting: RHB Steve Bui
|
0-0: Ball 1-0: Swinging Strike 1-1: Foul Ball, location: 2F 1-2: Strikes out swinging
|
Batting: RHB Yasuhide Kasahara
|
0-0: Called Strike 0-1: Fly out, F8 (Flyball, 8LD, EV 103.1 MPH)
|
Bottom of the 5th over - 0 runs, 0 hits, 0 errors, 0 left on base; St. Louis 0 - Chicago 2 |
TOP OF THE 6TH |
St. Louis Cardinals batting - Pitching for Chicago Cubs : RHP Edwin Rivera
|
Batting: RHB Tenshou Takita
|
0-0: Ball 1-0: Called Strike 1-1: Foul Ball, location: 2F 1-2: Fly out, F9 (Flyball, 89M, EV 88.1 MPH)
|
Batting: LHB Tom Butterbaugh
|
0-0: Ball 1-0: Ball 2-0: Ball 3-0: Foul Ball, location: 2F 3-1: Foul Ball, location: 2F 3-2: Foul Ball, location: 2F 3-2: DOUBLE (Groundball, 3L, EV 103.1 MPH)
|
Batting: RHB Eric Chotkowski
|
0-0: Called Strike 0-1: Foul Ball, location: 2F 0-2: Ball 1-2: Foul Ball, location: 2F 1-2: Foul Ball, location: 2F 1-2: Strikes out swinging
|
Batting: LHB Shawn Morrison
|
0-0: Ball 1-0: Ball 2-0: Swinging Strike 2-1: Ball 3-1: Base on Balls
|
Batting: RHB Pavpv Ivanushkin
|
0-0: Called Strike 0-1: Ball 1-1: Foul Ball, location: 2F 1-2: Ball 2-2: Fielders Choice at 2nd, 5-4 (Groundball, 56, EV 92.5 MPH)
|
Top of the 6th over - 0 runs, 1 hit, 0 errors, 2 left on base; St. Louis 0 - Chicago 2 |
BOTTOM OF THE 6TH |
Chicago Cubs batting - Pitching for St. Louis Cardinals : LHP Nate Crow
|
Batting: RHB Kaeo Zirpoli
|
0-0: Ball 1-0: Ball 2-0: Ball 3-0: Called Strike 3-1: Foul Ball, location: 2F 3-2: Ground out 4-3 (Groundball, 4, EV 88.1 MPH)
|
Batting: RHB Efrain Vargas
|
0-0: Ball 1-0: Ball 2-0: Called Strike 2-1: Swinging Strike 2-2: Ball 3-2: Ground out 5-3 (Groundball, 5, EV 101.2 MPH)
|
Batting: RHB Josh Kalman
|
0-0: Ball 1-0: Ground out 5-3 (Groundball, 56D, EV 83.8 MPH)
|
Bottom of the 6th over - 0 runs, 0 hits, 0 errors, 0 left on base; St. Louis 0 - Chicago 2 |
TOP OF THE 7TH |
St. Louis Cardinals batting - Pitching for Chicago Cubs : RHP Edwin Rivera
|
Batting: RHB Melvin Enriquez
|
0-0: Called Strike 0-1: Ball 1-1: Called Strike 1-2: Foul Ball, location: 2F 1-2: Ball 2-2: Ball 3-2: Base on Balls
|
Batting: RHB Fabrice Bertin
|
0-0: Ball 1-0: Ball 2-0: Called Strike 2-1: Called Strike 2-2: SINGLE (Line Drive, 6D, EV 96.2 MPH) Melvin Enriquez to second
|
Batting: RHB Terry Baginski
|
0-0: 3-RUN HOME RUN (Flyball, 78XD, EV 103.1 MPH), Distance : 418 ft
|
Batting: RHB Travis Leonard
|
0-0: Called Strike 0-1: Swinging Strike 0-2: Strikes out swinging
|
Batting: RHB Tenshou Takita
|
0-0: Called Strike 0-1: Called Strike 0-2: Ball 1-2: Foul Ball, location: 2F 1-2: Ground out 6-3 (Groundball, 6, EV 99.4 MPH)
|
Batting: LHB Tom Butterbaugh
|
0-0: Called Strike 0-1: Ball 1-1: Ball 2-1: Ball 3-1: Base on Balls
|
Pitching: LHP Brock Lewis
|
|
Batting: RHB Eric Chotkowski
|
0-0: Ball 1-0: Foul Ball, location: 2F 1-1: SINGLE (Flyball, 8RS, EV 90.0 MPH) Tom Butterbaugh to second
|
Batting: LHB Shawn Morrison
|
0-0: Ball 1-0: Called Strike 1-1: Fly out, F9 (Line Drive, 9, EV 95.6 MPH)
|
Top of the 7th over - 3 runs, 3 hits, 0 errors, 2 left on base; St. Louis 3 - Chicago 2 |
BOTTOM OF THE 7TH |
Chicago Cubs batting - Pitching for St. Louis Cardinals : LHP Nate Crow
|
Batting: RHB Elijah Campbell
|
0-0: Ball 1-0: Ball 2-0: Called Strike 2-1: Foul Ball, location: 2F 2-2: Strikes out swinging
|
Batting: RHB Will Leslie
|
0-0: Called Strike 0-1: Foul Ball, location: 2F 0-2: Foul Ball, location: 2F 0-2: Strikes out swinging
|
Batting: SHB Seung-ho Zhang
|
0-0: Called Strike 0-1: Foul Ball, location: 2F 0-2: Ball 1-2: Ball 2-2: Fly out, F7 (Flyball, 7LDF, EV 106.9 MPH)
|
Bottom of the 7th over - 0 runs, 0 hits, 0 errors, 0 left on base; St. Louis 3 - Chicago 2 |
TOP OF THE 8TH |
St. Louis Cardinals batting - Pitching for Chicago Cubs : LHP Brock Lewis
|
Batting: RHB Pavpv Ivanushkin
|
0-0: SOLO HOME RUN (Flyball, 7D, EV 97.5 MPH), Distance : 372 ft
|
Batting: RHB Melvin Enriquez
|
0-0: Ball 1-0: Swinging Strike 1-1: Ball 2-1: Called Strike 2-2: Foul Ball, location: 2F 2-2: Ground out 6-3 (Groundball, 6, EV 78.8 MPH)
|
Batting: RHB Fabrice Bertin
|
0-0: Ball 1-0: Called Strike 1-1: Swinging Strike 1-2: Ball 2-2: Strikes out swinging
|
Batting: RHB Terry Baginski
|
0-0: Swinging Strike 0-1: Foul Ball, location: 2F 0-2: Strikes out swinging
|
Top of the 8th over - 1 run, 1 hit, 0 errors, 0 left on base; St. Louis 4 - Chicago 2 |
BOTTOM OF THE 8TH |
Chicago Cubs batting - Pitching for St. Louis Cardinals : LHP Nate Crow
|
Pitching: LHP Brad Jonas
|
|
Batting: SHB Tim Hone
|
0-0: Ball 1-0: Called Strike 1-1: SINGLE (Groundball, 56S, EV 61.9 MPH) (infield hit)
|
Batting: RHB Steve Bui
|
0-0: Ball 1-0: Called Strike 1-1: SINGLE (Groundball, 4M, EV 80.0 MPH) (infield hit) Tim Hone to second
|
Batting: RHB Yasuhide Kasahara
|
0-0: Called Strike 0-1: Ball 1-1: Ball 2-1: Ball 3-1: Base on Balls Tim Hone to third Steve Bui to second
|
Batting: RHB Kaeo Zirpoli
|
0-0: Foul Ball, location: 2F 0-1: SINGLE (Line Drive, 4, EV 95.0 MPH) Tim Hone scores Steve Bui to third Yasuhide Kasahara to second
|
Batting: RHB Efrain Vargas
|
0-0: Called Strike 0-1: Grounds into fielders choice 5-2 (Groundball, 56S, EV 66.2 MPH) Yasuhide Kasahara to third Kaeo Zirpoli to second
|
Batting: RHB Josh Kalman
|
0-0: SINGLE (Flyball, 6D, EV 91.9 MPH) Yasuhide Kasahara scores Kaeo Zirpoli to third Efrain Vargas to second
|
Batting: RHB Elijah Campbell
|
0-0: Ball 1-0: Called Strike 1-1: Fly out, F7 (Flyball, 78S, EV 94.4 MPH)
|
Batting: RHB Will Leslie
|
0-0: Foul Ball, location: 2F 0-1: Fly out, F8 (Flyball, 8LM, EV 80.0 MPH)
|
Bottom of the 8th over - 2 runs, 4 hits, 0 errors, 3 left on base; St. Louis 4 - Chicago 4 |
TOP OF THE 9TH |
St. Louis Cardinals batting - Pitching for Chicago Cubs : LHP Brock Lewis
|
Pitching: LHP George Poirier
|
|
Batting: RHB Travis Leonard
|
0-0: Called Strike 0-1: Foul Ball, location: 2F 0-2: Ball 1-2: Strikes out swinging
|
Batting: RHB Tenshou Takita
|
0-0: Ball 1-0: Ball 2-0: Ball 3-0: Base on Balls
|
Batting: LHB Tom Butterbaugh
|
0-0: Ball 1-0: Ball 2-0: Ball 3-0: Called Strike 3-1: Foul Ball, location: 2F 3-2: Ground out 4-3 (Groundball, 4MD, EV 91.2 MPH) Tenshou Takita to second
|
Batting: RHB Eric Chotkowski
|
0-0: Intentional Walk
|
Batting: LHB Shawn Morrison
|
0-0: Ball 1-0: Fly out, F8 (Flyball, 8LXD, EV 96.2 MPH)
|
Top of the 9th over - 0 runs, 0 hits, 0 errors, 2 left on base; St. Louis 4 - Chicago 4 |
BOTTOM OF THE 9TH |
Chicago Cubs batting - Pitching for St. Louis Cardinals : LHP Brad Jonas
|
Pitching: RHP Bryan Banana
|
|
Pinch Hitting: LHB Kevin Norton
|
0-0: Called Strike 0-1: Called Strike 0-2: Ball 1-2: Ball 2-2: Ball 3-2: Base on Balls
|
Batting: SHB Tim Hone
|
0-0: SINGLE (Flyball, 4MD, EV 86.9 MPH) Kevin Norton to second
|
Batting: RHB Steve Bui
|
0-0: Foul Ball, location: 2F 0-1: Ball 1-1: Ball 2-1: Sac Bunt to 3S - play at first, batter OUT! 3-4 Kevin Norton to third Tim Hone to second
|
Batting: RHB Yasuhide Kasahara
|
0-0: Intentional Walk
|
Batting: RHB Kaeo Zirpoli
|
0-0: Ball 1-0: Ball 2-0: Swinging Strike 2-1: Swinging Strike 2-2: Strikes out swinging
|
Batting: RHB Efrain Vargas
|
0-0: Ball 1-0: Foul Ball, location: 2F 1-1: Foul Ball, location: 2F 1-2: Ball 2-2: Foul Ball, location: 2F 2-2: Hit by Pitch Kevin Norton scores Tim Hone to third Yasuhide Kasahara to second
|
Bottom of the 9th over - 1 run, 1 hit, 0 errors, 3 left on base; St. Louis 4 - Chicago 5 |
|